 Dungeon Crawl Stone Soup version 0.28.0 (webtiles) character file.

Game seed: 3773490720631732960

3735 mdonais the Skirmisher (level 10, 0/71 HPs)
             Began as an Octopode Wanderer on Feb 17, 2022.
             Was a Believer of Uskayaw.
             Slain by a steam dragon (11 damage)
             ... in a bailey.
             The game lasted 00:39:36 (8708 turns).

mdonais the Skirmisher (Octopode Wanderer)          Turns: 8708, Time: 00:39:37

Health: 0/71       AC:  1    Str: 17    XL:     10   Next: 15%
Magic:  14/14      EV: 13    Int: 12    God:    Uskayaw [**....]
Gold:   323        SH: 12    Dex: 13    Spells: 8/13 levels left

rFire   . . .      SeeInvis .   r - +1 dagger (speed)
rCold   . . .      Faith    .   d - +2 buckler
rNeg    . . .      Spirit   .   (helmet restricted)
rPois   .          Reflect  +   l - amulet of reflection
rElec   .          Harm     .   a - ring of willpower
rCorr   .          Rampage  .   (no ring)
Will    +....                   (no ring)
Stlth   ++++......              (no ring)
HPRegen 0.21/turn               (no ring)
MPRegen 0.14/turn               (no ring)
                                (no ring)
                                (no ring)

@: mighty
A: almost no armour, amphibious, 8 rings, camouflage 1, gelatinous body 1,
(nimble swimmer 1), tentacles
a: Renounce Religion, Stomp, Line Pass


You were in a bailey.
You worshipped Uskayaw.
Uskayaw was noncommittal.
You visited 2 branches of the dungeon, and saw 8 of its levels.
You also visited: Bailey.

You collected 323 gold pieces.

Inventory:

Hand Weapons
 f - a +0 lajatang
   (You found it on level 1 of the Dungeon)
 j - a +0 trident
   (You took it off a spriggan in a bailey)
 p - a +0 rapier
   (You found it on level 2 of the Dungeon)
 r - a +1 dagger of speed (weapon)
   (You found it on level 2 of the Dungeon)
 z - a +2 halberd of distortion
   (You took it off a gnoll on level 6 of the Dungeon)
Missiles
 h - 185 stones
 q - 5 poisoned darts
 s - 110 arrows
 t - 5 boomerangs (quivered)
 v - 6 javelins
 w - 55 sling bullets
Armour
 d - a +2 buckler (worn)
Jewellery
 a - a ring of willpower (left tentacle)
   (You found it on level 4 of the Dungeon)
 l - an amulet of reflection (around mantle)
   (You found it on level 2 of the Dungeon)
 o - an amulet of the acrobat
   (You found it on level 2 of the Dungeon)
Wands
 y - a wand of polymorph (13)
   (You took it off Ijyb on level 3 of the Dungeon)
 V - a wand of flame (11)
   (You took it off Natasha on level 3 of the Dungeon)
Scrolls
 b - a scroll of vulnerability
 g - 2 scrolls of fear {unknown}
 i - a scroll of summoning
 m - a scroll of fog
 x - a scroll of enchant armour {unknown}
 A - 2 scrolls of noise {unknown}
 B - a scroll of blinking
 D - a scroll of acquirement {unknown}
 T - 4 scrolls of teleportation
Potions
 e - 2 potions of attraction {unknown}
 n - a potion of might
 u - 3 potions of magic
 C - a potion of mutation {unknown}
 Q - 3 potions of curing
Miscellaneous
 c - a piece from Xom's chessboard (15/15)


   Skills:
 - Level 7.0 Fighting
 - Level 6.0 Short Blades
 - Level 4.0 Throwing
 - Level 3.0 Dodging
 - Level 5.0 Stealth
 - Level 5.0 Shields
 - Level 1.0 Unarmed Combat
 - Level 2.0 Spellcasting
 + Level 3.1 Conjurations
 + Level 3.1 Hexes
 - Level 2.0 Translocations
 - Level 6.0 Invocations
 - Level 3.0 Evocations


You had 8 spell levels left.
You knew the following spells:

 Your Spells              Type           Power      Damage    Failure   Level
a - Blink                 Tloc           12%        N/A       22%         2
b - Dazzling Flash        Conj/Hex       16%        N/A       28%         3

Your spell library contained the following spells:

 Spells                   Type           Power      Damage    Failure   Level
 Apportation              Tloc           12%        N/A       16%         1
 Animate Skeleton         Necr           2%         N/A       34%         1
 Pain                     Necr           4%         1d4       34%         1
 Summon Small Mammal      Summ           4%         N/A       34%         1
 Lesser Beckoning         Tloc           6%         N/A       41%         3
 Vampiric Draining        Necr           1%         2d6       71%         3
 Manifold Assault         Tloc           6%         N/A       99%         5
 Silence                  Hex/Air        2%         N/A       99%         5
 Agony                    Necr           1%         N/A       100%        5


Dungeon Overview and Level Annotations

Branches:
Dungeon (7/15)             Temple (1/1) D:6          Bailey (1/1)

Altars:
Ashenzari
Dithmenos
Elyvilon
Fedhas
Gozag
Hepliaklqana
Kikubaaqudgha
Makhleb
Nemelex Xobeh
Okawaru
Qazlal
Ru
Sif Muna
Trog
Uskayaw
Vehumet
Wu Jian
Yredelemnul
Zin

Shops:
D:6 [

Annotations:
D:2 1 runed translucent door, Crazy Yiuf
D:4 nat 2, Dowan, Duvessa


Innate Abilities, Weirdness & Mutations

You cannot wear most types of armour.
You are amphibious.
You can wear up to eight rings at the same time.
Your skin changes colour to match your surroundings (Stealth+).
Your rubbery body absorbs attacks. (AC +1, EV +1)
((You are camouflaged when in or above water. (Stealth+)))
You have tentacles for arms and can constrict up to eight enemies at once.


Message History

Aim: an ogre, wielding a +0 halberd (severely wounded, very poisoned, 77% to hit)
You throw a boomerang. The boomerang hits the ogre.
The ogre is severely wounded.
You block the ogre's attack.
You hit the ogre. You squeeze the ogre.
You kill the ogre!
You hear a splash.
You can now pass through a line of other dancers.
Your Conjurations skill increases to level 2!
Your Hexes skill increases to level 2!
No target in view!
Things that are here:
a +0 halberd; a +0 spear; an ogre corpse You can no longer pass through a line of other dancers.
q - a poisoned dart
q - 2 poisoned darts (gained 1)
q - 4 poisoned darts (gained 2)
q - 5 poisoned darts (gained 1)
Things that are here:
a +0 halberd; a +0 halberd A spriggan comes into view.
It is wielding a +0 spear.
Throw: 5 boomerangs
Press: ? - help, Q - select action, (/) - cycle Shift-Dir - straight line, f - spriggan
Aim: a spriggan, wielding a +0 spear (wandering, hasn't noticed you, 36% to hit)
You throw a boomerang.
The boomerang barely misses the spriggan.
The spriggan shouts!
You hear a shout! x3
Throw: 5 boomerangs
Press: ? - help, Q - select action, (/) - cycle Shift-Dir - straight line, f/p - spriggan
Aim: a spriggan, wielding a +0 spear (36% to hit)
You throw a boomerang. The boomerang hits the spriggan!
The spriggan is heavily wounded.
Throw: 5 boomerangs
Press: ? - help, Q - select action, (/) - cycle Shift-Dir - straight line, f/p - spriggan
Aim: a spriggan, wielding a +0 spear (heavily wounded, 36% to hit)
You throw a boomerang. The boomerang hits the spriggan.
The spriggan is heavily wounded.
The spriggan closely misses you. You block the spriggan's attack.
You barely miss the spriggan. You grab the spriggan.
The spriggan is heavily wounded.
You constrict the spriggan, but do no damage.
You hit the spriggan.
The spriggan is heavily wounded.
You constrict the spriggan. The spriggan misses you.
You hit the spriggan.
The spriggan is severely wounded.
You constrict the spriggan.
You can now pass through a line of other dancers.
You hit the spriggan.
You squeeze the spriggan, but do no damage.
The spriggan is almost dead.
You constrict the spriggan. The spriggan hits you with a +0 spear.
You take 2 damage, and have 69/71 hp.
You hit the spriggan.
The spriggan is almost dead.
You constrict the spriggan. You hit the spriggan. You squeeze the spriggan.
You kill the spriggan!
No target in view!
C - a grey potion;
D - a scroll labelled HEIMUS KAPSYU
Things that are here:
a +0 spear; a spriggan corpse Health restored: 71 You can no longer pass through a line of other dancers.
A spriggan comes into view. It is wielding a +0 trident.
A steam dragon comes into view.
You miss the spriggan.
The steam dragon hisses angrily.
You grab the spriggan. You constrict the spriggan.
The spriggan splashes around in the water.
An ogre comes into view. It is wielding a +0 glaive.
The ogre shouts!
You hit the spriggan. You squeeze the spriggan.
The spriggan is moderately wounded.
You constrict the spriggan. You hit the spriggan. You squeeze the spriggan!
You kill the spriggan!
You hear a splash. x2
You can now pass through a line of other dancers.
Your Conjurations skill increases to level 3!
Your Hexes skill increases to level 3!
Press: ? - help, v - describe, . - travel
Here: a steam dragon Some shallow water.
Aiming: Throw Flame
Press: ? - help, Shift-Dir - straight line, f - steam dragon
Aim: a steam dragon (71% to hit)
The puff of flame hits the steam dragon.
The steam dragon is lightly wounded.
The steam dragon breathes steam at you. The ball of steam hits you!!
You hear a shout!
You take 20 damage, and have 51/71 hp.
MASSIVE DAMAGE!!
You hit the steam dragon but do no damage.
You squeeze the steam dragon, but do no damage.
You block the steam dragon's attack. x2
You hit the steam dragon but do no damage.
The steam dragon bites you. The steam dragon claws you.
You take 9 damage, and have 43/71 hp.
You hit the steam dragon but do no damage.
The steam dragon closely misses you. You block the steam dragon's attack.
You closely miss the steam dragon. Your squeeze misses the steam dragon.
The steam dragon breathes steam at you. The ball of steam misses you.
Okay, then.
You feel very mighty all of a sudden.
You are engulfed in a cloud of scalding steam.
You block the ogre's attack. The steam dragon misses you.
The steam dragon closely misses you.
You can no longer pass through a line of other dancers.
You take 10 damage, and have 33/71 hp.
You hit the steam dragon but do no damage.
You are engulfed in a cloud of scalding steam.
You take 3 damage, and have 30/71 hp.
You puncture the steam dragon! Your squeeze misses the steam dragon.
The steam dragon is moderately wounded.
You are engulfed in a cloud of scalding steam.
You block the ogre's attack.
You can now pass through a line of other dancers.
You take 5 damage, and have 25/71 hp.
You barely miss the steam dragon.
The steam dragon is moderately wounded.
You are engulfed in a cloud of scalding steam.
The steam dragon bites you!
* * * LOW HITPOINT WARNING * * *
The steam dragon completely misses you.
You take 9 damage, and have 16/71 hp.
Okay, then.
As you read the scroll of summoning, it crumbles to dust.
Wisps of shadow whirl around you...
You are engulfed in a cloud of scalding steam.
* * * LOW HITPOINT WARNING * * *
The steam dragon bites you.
* * * LOW HITPOINT WARNING * * *
The steam dragon barely misses you. The ogre barely misses you.
You take 14 damage, and have 2/71 hp.
Your orc is engulfed in a cloud of scalding steam.
Your orc dies!
Your orc's corpse dissolves into shadows!
Your gnoll hits the steam dragon but does no damage.
Your gnoll hits the steam dragon with a +0 spear.
Your orc hits the ogre with a +0 morningstar!
Your gnoll barely misses the steam dragon.
It was a potion of curing.
You feel better.
Q - 3 potions of curing The ogre hits your orc with a +0 glaive!
The steam dragon bites you!
You die...

#########
##.......##
##..)......##
##..♣######..##
##..## ..♣#..##
#..♣# ..##..##
..## . #...#
..# ♣.#.g.# ..#
♣.♣og@# ..#


♣iO≈Dg# ..# ♣.#)go# ..♣ ♣ #...# ..#♣ #...# #..♣♣ ##..## ##..## ##..##
##..#######..## ##.........## You could see a steam dragon (ally target), an
ogre (ally target), a spriggan, 4 friendly gnolls and 2 friendly orcs.

Vanquished Creatures
  5 spriggans (Bailey)
  A water moccasin (D:6)
  An orc warrior (D:5)
  3 sky beasts (D:6)
  2 necrophages
  7 ogres
  A centaur (D:5)
  Blork the orc (D:6)
  A bullfrog (D:6)
  4 scorpions
  4 water moccasin zombies
  A water moccasin skeleton (D:6)
  A howler monkey (D:5)
  2 bullfrog zombies
  A jelly (D:6)
  7 hounds
  5 orc priests
  2 centaur skeletons
  Ijyb (D:3)
  Natasha (thrice) (D:4 D:3)
  3 iguanas
  2 orc wizards (D:5)
  2 scorpion zombies (D:5)
  A killer bee zombie (D:5)
  6 adders
  3 gnolls (D:6)
  An ufetubus (D:4)
  2 worms
  4 dart slugs
  21 orcs
  14 ball pythons
  6 endoplasms
  3 giant cockroaches
  4 goblins
  4 hobgoblins
  6 jackals (D:1)
  4 quokkas
  5 bats
  A frilled lizard (D:2)
  6 kobolds
  4 rats (D:2)
155 creatures vanquished.

Notes
Turn   | Place    | Note
-------+----------+-------------------------------------------
     0 | D:1      | mdonais the Octopode Wanderer began the quest for the Orb.
     0 | D:1      | mdonais set off with the following items: a +0 club, a
                  | scroll of vulnerability, a piece from Xom's chessboard
                  | (15/15), a +2 buckler
     0 | D:1      | Reached XP level 1. HP: 13/13 MP: 1/1
   290 | D:1      | Reached skill level 2 in Fighting
   290 | D:1      | Reached XP level 2. HP: 19/19 MP: 2/2
   600 | D:1      | Found a faded altar of an unknown god.
   643 | D:1      | Prayed at the altar of an unknown god.
   643 | D:1      | Became a worshipper of Uskayaw the Reveller
   643 | D:1      | Reached * piety under Uskayaw
   753 | D:1      | Reached XP level 3. HP: 20/25 MP: 3/3
   756 | D:1      | Learned a level 2 spell: Blink
   913 | D:1      | Reached skill level 3 in Fighting
  1227 | D:2      | Reached ** piety under Uskayaw
  1248 | D:2      | Found a runed translucent door.
  1249 | D:2      | Noticed Crazy Yiuf
  1490 | D:2      | Reached XP level 4. HP: 24/33 MP: 4/4
  2107 | D:3      | You fall into a shaft and drop 1 floor!
  2107 | D:4      | Noticed a necrophage
  2112 | D:4      | Reached *** piety under Uskayaw
  2113 | D:4      | Killed a necrophage
  2114 | D:4      | Reached skill level 4 in Fighting
  2114 | D:4      | Reached skill level 1 in Short Blades
  2114 | D:4      | Reached skill level 1 in Invocations
  2114 | D:4      | Reached XP level 5. HP: 37/37 MP: 4/6
  2130 | D:4      | Found an ornate altar of the Wu Jian Council.
  2398 | D:3      | Reached XP level 6. HP: 24/44 MP: 7/7
  2556 | D:4      | Noticed Natasha
  2728 | D:3      | Found an opulent altar of Gozag.
  3011 | D:3      | Noticed Ijyb
  3029 | D:3      | Killed Ijyb
  3509 | D:3      | Reached XP level 7. HP: 17/49 MP: 9/9
  3754 | D:4      | Killed Natasha
  3787 | D:4      | Noticed Duvessa
  3797 | D:4      | Noticed Natasha
  3804 | D:4      | Noticed Dowan
  3903 | D:3      | Killed Natasha
  4024 | D:4      | Noticed a shadow
  4025 | D:4      | Found a shadowy altar of Dithmenos.
  4026 | D:4      | Found a hazy altar of Hepliaklqana.
  4345 | D:3      | Found an opulent altar of Gozag.
  4471 | D:3      | Noticed Natasha
  4480 | D:3      | Killed Natasha
  4773 | D:5      | Entered Level 5 of the Dungeon
  4872 | D:5      | Reached skill level 5 in Fighting
  5086 | D:5      | Found a shimmering blue altar of Sif Muna.
  5163 | D:5      | Reached XP level 8. HP: 56/56 MP: 9/11
  5782 | D:5      | Reached **** piety under Uskayaw
  5783 | D:5      | Reached skill level 1 in Dodging
  5786 | D:5      | Reached ***** piety under Uskayaw
  6019 | D:5      | Found a bloodstained altar of Trog.
  6286 | D:6      | Reached skill level 6 in Fighting
  6451 | D:6      | Noticed Blork the orc
  6455 | D:6      | Killed Blork the orc
  6505 | D:6      | Found Ukhlauril's Armour Shop.
  6626 | D:6      | Reached skill level 5 in Stealth
  6633 | D:6      | Reached XP level 9. HP: 20/63 MP: 12/12
  6634 | D:6      | Reached skill level 5 in Invocations
  6951 | D:6      | Learned a level 3 spell: Dazzling Flash
  6999 | D:6      | Reached skill level 7 in Fighting
  6999 | D:6      | Reached skill level 5 in Shields
  7449 | D:6      | Found a staircase to the Ecumenical Temple.
  7459 | Temple   | Entered the Ecumenical Temple
  7770 | D:6      | Reached skill level 5 in Short Blades
  8198 | D:7      | Found a flagged portal.
  8204 | Bailey   | Entered a bailey
  8294 | Bailey   | Reached skill level 1 in Spellcasting
  8397 | Bailey   | Reached skill level 1 in Translocations
  8542 | Bailey   | Reached skill level 1 in Conjurations
  8542 | Bailey   | Reached skill level 1 in Hexes
  8548 | Bailey   | Reached XP level 10. HP: 71/71 MP: 14/14
  8706 | Bailey   | HP: 2/71 [steam dragon (3)]
  8708 | Bailey   | Slain by a steam dragon

Illustrated notes

Levels and vault maps discovered:
D:1:      dpeg_arrival_chambers_temple_mockup, layout_loops_ring,
          ebering_ecumenical_altar_box
D:2:      layout_basic, minmay_tiny_reverse_x, uniq_crazy_yiuf_cottage
D:3:      layout_basic, mainiacjoe_overflow_paths, uniq_ijyb
D:4:      layout_cave_pools, riverfiend_overflow_shadow_ancestor,
          old_standard_altar, uniq_natasha, uniq_edmund, uniq_duvessa
D:5:      layout_basic, mainiacjoe_overflow_boulevard,
          kennysheep_orc_sif_temple, hangedman_decor_points,
          guppyfry_early_orc_mine
D:6:      layout_basic, minmay_temple_entry_proselytizer, serial_shops,
          nicolae_square_shop, uniq_blork_the_orc
D:7:      layout_basic, enter_bailey_3
Temple:   cyrus_circular_temple
Bailey:   bailey_polearm_enchanted_keep_hellmonk, bailey

Skill      XL: |  1  2  3  4  5  6  7  8  9 10 |
---------------+-------------------------------+-----
Fighting       | 2 3 4 5 6 7 |  7.0
Short Blades   | 1 2 4 6 |  6.0
Invocations    | 1 2 3 4 6 |  6.0
Throwing       | 3 4 |  4.0
Stealth        | 2 4 5 |  5.0
Dodging        | 2 3 |  3.0
Evocations     | 2 3 |  3.0
Shields        | 5 |  5.0
Spellcasting   | 2 |  2.0
Translocations | 2 |  2.0
Conjurations   | 1 3 |  3.1
Hexes          | 1 3 |  3.1
Unarmed Combat | |  1.0

Action                   |  1- 3 |  4- 6 |  7- 9 | 10-12 || total
-------------------------+-------+-------+-------+-------++-------
Melee: Club              |    36 |       |       |       ||    36
       Constrict         |    24 |    17 |    52 |     2 ||    95
       Tentacles         |    19 |    25 |   106 |     9 ||   159
       Short sword       |    46 |       |       |       ||    46
       Rapier            |     3 |     9 |       |       ||    12
       Punch             |     1 |     3 |     5 |       ||     9
       Dagger            |       |    88 |   314 |    21 ||   423
Throw: Javelin           |     2 |     2 |       |       ||     4
       Dart              |       |       |    37 |     7 ||    44
       Boomerang         |       |       |    10 |     5 ||    15
Evoke: Wand              |       |       |     1 |     1 ||     2
  Use: Scroll            |       |       |     8 |     1 ||     9
       Potion            |       |       |       |     2 ||     2
 Stab: Sleeping          |     7 |     8 |     7 |       ||    22
       Paralysed         |       |     2 |    10 |       ||    12
       Distracted        |       |     1 |     2 |       ||     3
Armor: Skin              |     7 |       |     8 |       ||    15
Dodge: Dodged            |    39 |    21 |    59 |    10 ||   129
Block: Buckler           |    39 |    25 |   110 |     8 ||   182
       Reflection        |     1 |     2 |     2 |       ||     5
